 Dungeon Crawl Stone Soup version 0.20-a0-1039-gf554463 (webtiles) character file.

55 Gorglomux the Magician (level 4, 0/34 HPs)
             Began as a Formicid Warper on Apr 22, 2017.
             Was an Initiate of Okawaru.
             Slain by a gnoll (6 damage)
             ... on level 2 of the Dungeon.
             The game lasted 00:04:38 (1837 turns).

Gorglomux the Magician (Formicid Warper)            Turns: 1837, Time: 00:04:39

Health: 0/34       AC:  4    Str: 15    XL:     4   Next: 14%
Magic:  8/8        EV: 12    Int: 13    God:    Okawaru [......]
Gold:   69         SH:  0    Dex: 11    Spells: 8/8 levels left

rFire    . . .     SeeInvis +   j - -1 whip (curse)
rCold    . . .     Gourm    .   (no shield)
rNeg     . . .     Faith    .   b - +0 leather armour
rPois    .         Spirit   .   (helmet unavailable)
rElec    .         Reflect  .   (no cloak)
rCorr    .         Harm     .   m - +0 pair of gloves
MR       .....                  (no boots)
Stlth    ++........             (no amulet)
Regen    0.2/turn               k - ring of stealth {Stlth+}
MPRegen  0.2/turn               q - ring of teleportation (curse) {+/*tele, !d}

@: no status effects
A: permanent stasis, dig shafts and tunnels, four strong arms, antennae 3
a: Dig, Shaft Self, Renounce Religion


You were on level 2 of the Dungeon.
You worshipped Okawaru.
Okawaru was noncommittal.
You were not hungry.

You visited 1 branch of the dungeon, and saw 2 of its levels.

You collected 69 gold pieces.

Inventory:

Hand Weapons
 a - a +0 mace
 j - a cursed -1 whip (weapon)
   (You found it on level 1 of the Dungeon)
Missiles
 e - 5 tomahawks of dispersal {=f}
Armour
 b - a +0 leather armour (worn)
 m - a +0 pair of gloves (worn)
   (You found it on level 1 of the Dungeon)
Jewellery
 k - a ring of stealth (left hand) {Stlth+}
   (You found it on level 1 of the Dungeon)
 p - an uncursed ring of ice {rC+, rF-}
   (You found it on level 1 of the Dungeon)
 q - a cursed ring of teleportation (right hand) {+/*tele, !d}
   (You found it on level 2 of the Dungeon)
Scrolls
 d - 2 scrolls of blinking {!r}
Potions
 g - 2 potions of heal wounds {unknown}
 i - a potion of lignification {unknown}
Books
 c - a book of Spatial Translocations
Comestibles
 f - 2 bread rations {@e1@e1}
 h - 7 chunks of flesh {@w0@w0}
 n - a fruit
 o - a meat ration {@e2@e2}


   Skills:
 + Level 2.5 Fighting
 + Level 2.2 Maces & Flails
 + Level 1.7 Throwing
 + Level 1.8 Armour
 + Level 2.1 Dodging
 + Level 2.9 Spellcasting
   Level 2.6 Translocations


You had 8 spell levels left.
You didn't know any spells.

Dungeon Overview and Level Annotations

Branches:
Dungeon (2/15)

Altars:
Okawaru


Innate Abilities, Weirdness & Mutations

You cannot be hasted, slowed, berserked, paralysed or teleported.
You can dig through walls and to a lower floor.
Your four strong arms can wield two-handed weapons with a shield.
You have a pair of large antennae on your head. (SInv)


Message History

You kill the kobold!
You hit the gnoll. The gnoll barely misses you.
You hit the gnoll. The gnoll misses you.
You hit the gnoll. The gnoll closely misses you.
You hit the gnoll. The gnoll hits you.
You take 3 damage, and have 18/28 hp.
You hit the gnoll but do no damage. The gnoll hits you but does no damage.
You hit the gnoll.
You kill the gnoll!
You have reached level 4!
You feel clever.
The hobgoblin throws a stone.
The stone hits you but does no damage.
You regained 4 hp, and now have 22/34 hp.
MP restored: 8 The hobgoblin hits you but does no damage.
Things that are here:
5 stones; a gnoll corpse; a kobold corpse You hit the hobgoblin.
You kill the hobgoblin!
No target in view!
No target in view!
Things that are here:
a stone; a hobgoblin corpse You butcher the hobgoblin corpse.
h - 5 chunks of flesh {@w0@w0} (gained 4)
You see here a stone.
You are feeling very hungry.
Things that are here:
5 stones; a gnoll corpse; a kobold corpse You butcher the gnoll corpse.
h - 8 chunks of flesh {@w0@w0} (gained 3)
Things that are here:
5 stones; a kobold corpse You butcher the kobold corpse.
Things that are here:
5 stones; 2 inedible chunks of flesh {@w0@w0} There isn't anything to butcher here.
Eating one of 8 chunks of flesh {@w0@w0}.
You eat one of the 8 chunks of flesh {@w0@w0}.
You see here a stone.
A gnoll is nearby!
A gnoll is nearby!
A gnoll is nearby!
The gnoll throws a stone.
The stone barely misses you.
You see here 2 stones.
A gnoll is nearby!
The gnoll throws a stone.
The stone closely misses you.
Things that are here:
6 stones; 2 inedible chunks of flesh {@w0@w0} You see here 2 stones.
You extend your mandibles.
You dig through the rock wall.
Found a stone staircase leading down.
You retract your mandibles.
You enter a teleport trap!
The teleport trap disappears.
You see here a helmet.
You see here a stone.
Things that are here:
a stone; a bat skeleton You see here 4 stones.
There is an open door here.
You see here 2 stones.
There is an iron altar of Okawaru here.
You kneel at the altar of Okawaru.
Okawaru welcomes you!
You hit the gnoll but do no damage. The gnoll misses you.
You barely miss the gnoll. The gnoll hits you but does no damage.
You hit the gnoll but do no damage. The gnoll barely misses you.
You hit the gnoll but do no damage. The gnoll barely misses you.
You hit the gnoll. The gnoll closely misses you.
You hit the gnoll but do no damage. The gnoll misses you.
You closely miss the gnoll. You hit the gnoll. The gnoll barely misses you.
You barely miss the gnoll. The gnoll closely misses you.
You barely miss the gnoll. The gnoll misses you.
You hit the gnoll but do no damage. The gnoll hits you.
You take 5 damage, and have 24/34 hp.
You hit the gnoll but do no damage. The gnoll hits you.
You take 6 damage, and have 18/34 hp.
You hit the gnoll. The gnoll misses you.
You hit the gnoll. The gnoll barely misses you.
You closely miss the gnoll. The gnoll barely misses you.
You are too injured to fight recklessly!
You hit the gnoll but do no damage. The gnoll hits you but does no damage.
You hit the gnoll but do no damage. The gnoll hits you.
You take 3 damage, and have 15/34 hp.
You closely miss the gnoll. The gnoll hits you.
You take 1 damage, and have 14/34 hp.
You hit the gnoll but do no damage. The gnoll hits you.
You take 2 damage, and have 12/34 hp.
You closely miss the gnoll. The gnoll hits you!
* * * LOW HITPOINT WARNING * * *
You take 6 damage, and have 6/34 hp.
You hit the gnoll but do no damage. The gnoll misses you.
You hit the gnoll. The gnoll closely misses you.
You barely miss the gnoll. The gnoll closely misses you.
You hit the gnoll. The gnoll barely misses you.
You hit the gnoll but do no damage. The gnoll hits you.
You die...

........###.############
#.....(...(##.....(((.
#?....(....##{########
#.###(###.(.#.########
##≈.≈.#.#.#[..[.....
#.≈.≈##..(g..g......
##≈.≈.####(#######.#
#.≈g≈## #..# #.# ##≈@≈.#
##.# #.# #.≈.≈## .# #.#
###_## .. #.# ### #.#
#.# .. { #.# {


You could see a gnoll.

Vanquished Creatures
  A gnoll (D:2)
  An ooze (D:1)
  A worm (D:2)
  A dart slug (D:1)
  2 leopard geckos (D:1)
  3 giant cockroaches (D:1)
  6 goblins (D:1)
  2 hobgoblins
  4 jackals (D:1)
  3 kobolds
  A bat (D:2)
  2 frilled lizards (D:1)
  5 rats (D:1)
32 creatures vanquished.

Notes
Turn   | Place    | Note
-------+----------+-------------------------------------------
     0 | D:1      | Gorglomux the Formicid Warper began the quest for the Orb.
     0 | D:1      | Reached XP level 1. HP: 16/16 MP: 3/3
   139 | D:1      | Reached XP level 2. HP: 19/22 MP: 5/5
   291 | D:1      | HP: 5/23 [jackal (2)]
   293 | D:1      | HP: 1/23 [jackal (2)]
   297 | D:1      | Reached skill level 2 in Dodging
   704 | D:1      | Reached XP level 3. HP: 18/28 MP: 7/7
  1028 | D:1      | HP: 7/28 [leopard gecko (3)]
  1033 | D:1      | HP: 3/28 [giant cockroach (2)]
  1035 | D:1      | HP: 1/28 [giant cockroach (1)]
  1719 | D:2      | Found an iron altar of Okawaru.
  1755 | D:2      | Reached XP level 4. HP: 22/34 MP: 8/8
  1810 | D:2      | Became a worshipper of Warmaster Okawaru
  1832 | D:2      | HP: 6/34 [gnoll (7)]
  1837 | D:2      | Slain by a gnoll

Vault maps used:
D:1:      minmay_arrival_four_houses, kennysheep_decorative_pillar
D:2:      okawaru_altar_gauntlet_db

Skill      XL: |  1  2 |
---------------+-------+-----
Dodging        | 2 |  2.1
Fighting       | |  2.5
Maces & Flails | |  2.2
Throwing       | |  1.7
Armour         | |  1.8
Spellcasting   | |  2.9
Translocations | |  2.6

Action                   |  1- 3 |  4- 6 || total
-------------------------+-------+-------++-------
Melee: Whip              |   155 |    26 ||   181
       Mace              |     8 |       ||     8
 Abil: Dig               |     1 |     1 ||     2
  Use: Scroll            |     2 |       ||     2
 Stab: Sleeping          |     4 |       ||     4
  Eat: Chunk             |     2 |     1 ||     3
Armor: Leather armour    |    44 |     3 ||    47
Dodge: Dodged            |   112 |    17 ||   129

Vault maps used:
D:1:      minmay_arrival_four_houses, kennysheep_decorative_pillar
D:2:      okawaru_altar_gauntlet_db

Table legend:
 A = Turns spent in this place as a percentage of turns spent in the entire game.
 B = Non-inter-level travel turns spent in this place as a percentage of non-inter-level travel turns spent in the entire game.
 C = Inter-level travel turns spent in this place as a percentage of turns spent in this place.
 D = Turns resting spent in this place as a percentage of non-inter-level travel turns spent in this place.
 E = Turns spent auto-exploring this place as a percentage of non-inter-level travel turns spent in this place.
 F = Non-inter-level travel turns spent in this place divided by the number of levels of this place that you've seen.
                   A       B       C       D       E      F
               +-------+-------+-------+-------+-------+----------------------
         Total | 100.0 | 100.0 |   0.3 |   1.3 |   6.8 | 299.5
       Dungeon | 100.0 | 100.0 |   0.3 |   1.3 |   6.8 | 299.5
               +-------+-------+-------+-------+-------+----------------------

Table legend:
 A = Kills in this place as a percentage of kills in entire the game.
 B = Kills by you in this place as a percentage of kills by you in the entire game.
 C = Kills by friends in this place as a percentage of kills by friends in the entire game.
 D = Other kills in this place as a percentage of other kills in the entire game.
 E = Experience gained in this place as a percentage of experience gained in the entire game.
 F = Experience gained in this place divided by the number of levels of this place that you have seen.
                   A       B       C       D       E      F
               +-------+-------+-------+-------+-------+----------------------
         Total | 100.0 | 100.0 |  -nan |  -nan | 100.0 |  39.5
       Dungeon | 100.0 | 100.0 |  -nan |  -nan | 100.0 |  39.5
               +-------+-------+-------+-------+-------+----------------------
